 Dungeon Crawl Stone Soup version 0.26-b1-32-g5d43845318 (webtiles) character file.

Game seed: 8601981680829498378

618 dohliylev the Magician (level 7, -4/36 HPs)
             Began as a Gargoyle Venom Mage on Jan 12, 2021.
             Slain by a mummy (15 damage)
             ... in an ossuary.
             The game lasted 00:22:40 (5800 turns).

dohliylev the Magician (Gargoyle Venom Mage)        Turns: 5800, Time: 00:22:40

Health: -4/36      AC:  8    Str: 12    XL:     7   Next: 45%
Magic:  5/5        EV: 12    Int: 17    God:
Gold:   232        SH:  0    Dex: 10    Spells: 17/20 levels left

rFire    + . .     SeeInvis .   n - +0 dagger (antimagic)
rCold    + . .     Faith    .   (no shield)
rNeg     + . .     Spirit   .   a - +0 robe
rPois    ∞         Reflect  .   (no helmet)
rElec    +         Harm     .   j - +1 cloak
rCorr    +         Rampage  .   (no gloves)
Will     .....                  (no boots)
Stlth    ++........             t - amulet of magic regeneration
HPRegen  0.12/turn              (no ring)
MPRegen  0.34/turn              (no ring)

@: brilliant, resistant, attractive, flying
A: negative energy resistance 1, electricity resistance, unbreathing,
petrification resistance, miasma immunity, AC +4
a: no special abilities


You were in an ossuary.
You visited 2 branches of the dungeon, and saw 6 of its levels.
You also visited: Ossuary.

You collected 232 gold pieces.

Inventory:

Hand Weapons
 n - a +0 antimagic dagger (weapon)
Armour
 a - a +0 robe (worn)
 j - a +1 cloak (worn)
Jewellery
 t - an amulet of magic regeneration (around neck)
Scrolls
 c - 3 scrolls of identify
 g - a scroll of fear
 i - 2 scrolls of immolation
 l - a scroll of magic mapping
 o - 3 scrolls of remove curse
 r - a scroll of amnesia
Potions
 e - 4 potions of curing
 f - a potion of heal wounds


   Skills:
 - Level 0.1 Short Blades
 - Level 0.8 Axes
 + Level 2.2 Dodging
 - Level 2.1 Stealth
 - Level 7.1 Spellcasting
 - Level 0.7 Transmutations
 - Level 3.0 Poison Magic


You had 17 spell levels left.
You knew the following spells:

 Your Spells              Type           Power        Failure   Level
a - Sting                 Tmut/Pois      72%          5%          1
b - Poisonous Vapours     Pois/Air       32%          10%         2

Your spell library contained the following spells:

 Spells                   Type           Power        Failure   Level
 Ignite Poison            Fire/Tmut/Pois 15%          21%         3
 Mephitic Cloud           Conj/Pois/Air  14%          22%         3
 Olgreb's Toxic Radiance  Pois           24%          32%         4


Dungeon Overview and Level Annotations

Branches:
Dungeon (5/15)             Temple (1/1) D:4         Ossuary (1/1)

Altars:
Ashenzari
Cheibriados
Dithmenos
Elyvilon
Fedhas
Gozag
Hepliaklqana
Kikubaaqudgha
Makhleb
Nemelex Xobeh
Okawaru
Qazlal
Sif Muna
Trog
Uskayaw
Vehumet
Wu Jian
Xom
Yredelemnul
Zin
The Shining One

Annotations:
D:5 Eustachio, Ijyb, Pikel


Innate Abilities, Weirdness & Mutations

You are resistant to torment.
Your stone body is resilient. (AC +4)
You are immune to poison.
You resist negative energy. (rN+)
You are resistant to electric shocks. (rElec)
You can survive without breathing.
You are immune to petrification.
You are immune to miasma.


Message History

The jackal zombie closely misses you. The quokka zombie bites you.
The mummy hits you.
* * * LOW HITPOINT WARNING * * *
The elf zombie misses you.
You hit the quokka zombie.
The quokka zombie is moderately damaged.
The jackal zombie bites you but does no damage.
The quokka zombie misses you.
You hit the quokka zombie.
The quokka zombie is severely damaged.
The jackal zombie completely misses you.
The elf zombie hits you but does no damage.
The quokka zombie barely misses you. The mummy hits you but does no damage.
The jackal zombie barely misses you.
You hit the quokka zombie.
The quokka zombie is severely damaged.
The quokka zombie bites you but does no damage.
The elf zombie barely misses you. The jackal zombie closely misses you.
The mummy hits you!
You die...

.##......#$$M'.##..#
..####...#$$####...#
.....########......#
..............Z....#
..Z.....Z..........#
.....########....§.#
..#### +.####§§§#
.## ##...§##ZZ# .#
.....ZZ@ZZ# .##
##...§##MZ# ..####
+.####ZZ§#
.....########.Z....#
..........Z...Z....#
...................#
####################


You could see a mummy, an adder zombie, a quokka zombie, a jackal zombie, 2
goblin zombies, a hobgoblin zombie, an elf zombie and a human zombie.

Vanquished Creatures
  Blork the orc (D:5)
  3 scorpions
  A human zombie (Ossuary)
  An orc priest (D:5)
  2 hounds
  An orc wizard (D:4)
  A worker ant (D:3)
  2 hound zombies (Ossuary)
  2 hound skeletons
  A gnoll (D:2)
  5 adders
  3 oozes
  An adder skeleton (D:4)
  An adder zombie (Ossuary)
  4 worms
  A dart slug (D:3)
  A leopard gecko (D:1)
  9 orcs
  4 giant cockroaches
  11 goblins
  5 hobgoblins
  10 kobolds
  4 quokkas
  2 ball pythons
  7 bats
  4 frilled lizards (D:2)
  3 hobgoblin zombies (Ossuary)
  3 jackal zombies (Ossuary)
  4 kobold zombies (Ossuary)
  2 orc zombies (Ossuary)
  6 rats
  A rat zombie (Ossuary)
106 creatures vanquished.

Vanquished Creatures (others)
  2 gnolls (D:2)
2 creatures vanquished.

Grand Total: 108 creatures vanquished

Notes
Turn   | Place    | Note
-------+----------+-------------------------------------------
     0 | D:1      | dohliylev the Gargoyle Venom Mage began the quest for the
                  | Orb.
     0 | D:1      | Reached XP level 1. HP: 10/10 MP: 3/3
     0 | D:1      | Noticed a merfolk zombie
     1 | D:1      | Noticed a merfolk zombie
     5 | D:1      | Noticed a minotaur zombie
   550 | D:1      | Reached XP level 2. HP: 12/15 MP: 1/5
   635 | D:1      | Learned a level 2 spell: Poisonous Vapours
   858 | D:1      | Reached skill level 3 in Spellcasting
   863 | D:1      | Reached XP level 3. HP: 15/19 MP: 1/7
   867 | D:1      | Learned a level 3 spell: Mephitic Cloud
  1367 | D:2      | Found a radiant altar of Vehumet.
  1586 | D:2      | Found a bloodstained altar of Trog.
  1996 | D:2      | Reached XP level 4. HP: 24/24 MP: 1/9
  2291 | D:3      | Reached skill level 4 in Spellcasting
  2852 | D:3      | Found an ornate altar of the Wu Jian Council.
  2853 | D:3      | Found a broken altar of Ashenzari.
  2858 | D:3      | Found a glowing silver altar of Zin.
  2869 | D:3      | Reached XP level 5. HP: 28/28 MP: 0/11
  2960 | D:3      | Found a white marble altar of Elyvilon.
  2962 | D:3      | Found a glowing golden altar of the Shining One.
  2962 | D:3      | Found a shimmering altar of Xom.
  3712 | D:4      | Reached skill level 5 in Spellcasting
  3851 | D:4      | Reached XP level 6. HP: 32/32 MP: 6/14
  4158 | D:4      | Found a staircase to the Ecumenical Temple.
  4167 | Temple   | Entered the Ecumenical Temple
  4492 | D:4      | Found an iron altar of Okawaru.
  4625 | D:5      | Entered Level 5 of the Dungeon
  4627 | D:5      | Found a shimmering blue altar of Sif Muna.
  4640 | D:5      | Reached skill level 6 in Spellcasting
  4817 | D:5      | Noticed Blork the orc
  4817 | D:5      | Noticed Eustachio
  4822 | D:5      | Noticed Ijyb
  4825 | D:5      | Killed Blork the orc
  4826 | D:5      | Reached XP level 7. HP: 27/36 MP: 14/17
  4835 | D:5      | Noticed Pikel
  4838 | D:5      | Found a sand-covered staircase.
  4843 | D:5      | Reached skill level 7 in Spellcasting
  4854 | Ossuary  | Entered an ossuary
  5800 | Ossuary  | Slain by a mummy

Illustrated notes

Levels and vault maps discovered:
D:1:      shiori_arrival_whats_in_store_for_you, layout_basic
D:2:      layout_basic, fiery_altar_vehumet, trog_butcher_becter
D:3:      layout_loops_ring, grunt_temple_overflow_open, serial_bayou_pond_e
D:4:      layout_rooms, kennysheep_mini, minmay_temple_entry_poolview,
          minmay_puff
D:5:      layout_layer_cave, led_sif_book, nicolae_ossuary_entry_ruins,
          uniq_ijyb, uniq_pikel, uniq_crazy_yiuf_cottage, uniq_blork_the_orc,
          uniq_eustachio
Temple:   grunt_temple_mini_profane
Ossuary:  minmay_ossuary_two_tombs

Skill      XL: |  1  2  3  4  5  6  7 |
---------------+----------------------+-----
Spellcasting   | 3 4 5 6 7 |  7.1
Dodging        | 2 |  2.2
Short Blades   | |  0.1
Axes           | |  0.8
Stealth        | |  2.1
Transmutations | |  0.7
Poison Magic   | |  3.0

Action                   |  1- 3 |  4- 6 |  7- 9 || total
-------------------------+-------+-------+-------++-------
Melee: Hand axe          |    24 |       |       ||    24
       Unarmed           |    10 |       |       ||    10
       Dagger            |     2 |    80 |   225 ||   307
 Cast: Sting             |    37 |    60 |       ||    97
       Poisonous Vapours |    16 |    38 |     2 ||    56
  Use: Scroll            |       |     2 |     8 ||    10
       Potion            |       |       |     7 ||     7
Armor: Robe              |    22 |    46 |   145 ||   213
Dodge: Dodged            |    24 |    62 |   225 ||   311
